 Dungeon Sprint DCSS version 0.27.0-66-gdc8fb28755 (webtiles) character file.

Game seed: 3098519656113165242

334 styxcanada the Unseen (level 6, -4/33 HPs)
             Began as a Spriggan Brigand on Aug 20, 2021.
             Was an Initiate of Gozag.
             Slain by a wandering mushroom (11 damage)
             ... in the Dungeon (Sprint IV: "Fedhas' Mad Dash").
             The game lasted 00:04:18 (332 turns).

styxcanada the Unseen (Spriggan Brigand)             Turns: 332, Time: 00:04:18

Health: -4/33      AC:  3    Str:  7    XL:     6   Next: 27%
Magic:  7/7        EV: 20    Int: 10    God:    Gozag
Gold:   425        SH:  6    Dex: 19    Spells: 5/5 levels left

rFire    . . .     SeeInvis +   a - +2 dagger
rCold    . . .     Faith    .   p - +0 buckler
rNeg     . . .     Spirit   .   b - +0 robe
rPois    .         Reflect  .   (helmet restricted)
rElec    .         Harm     .   c - +0 cloak
rCorr    .         Rampage  .   (gloves unavailable)
Will     +....     NoTele   +   (boots unavailable)
Stlth    ++++++....             m - amulet of invisibility {+Inv}
HPRegen  0.11/turn              (no ring)
MPRegen  0.10/turn              (no ring)

@: on berserk cooldown, slightly contaminated, slowed, quick
A: very small, no large weapons, unfitting armour, see invisible, speed 3, dopey
1
a: Renounce Religion, Evoke Invisibility, Potion Petition, Call Merchant, Bribe
Branch


You were in the Dungeon.
You worshipped Gozag.
Gozag was aware of your devotion.
You visited 1 branch You collected 425 gold pieces.

Inventory:

Hand Weapons
 a - a +2 dagger (weapon)
Missiles
 d - 5 poisoned darts (quivered)
 e - 2 curare-tipped darts
 n - 23 stones
Armour
 b - a +0 robe (worn)
 c - a +0 cloak (worn)
 p - a +0 buckler (worn)
Jewellery
 m - the amulet of invisibility (around neck) {+Inv}
   (You found it in the Dungeon)

   [amulet of nothing]

   +Inv:      It lets you turn invisible.
Scrolls
 k - a scroll of blinking
 l - a scroll of identify {unknown}
Potions
 f - a potion of curing
 h - a potion of haste
 i - 2 potions of magic
 o - 2 potions of invisibility {unknown}


   Skills:
 * Level 4.0 Fighting
 + Level 3.5 Short Blades
 + Level 3.6 Throwing
 * Level 5.6 Dodging
 * Level 16.0 Stealth
 * Level 0.7 Shields
 * Level 4.2 Evocations


You had 5 spell levels left.
You didn't know any spells.
Your spell library was empty.

Dungeon Overview and Level Annotations

Branches:
Dungeon (1/1)

Altars:
Cheibriados
Dithmenos
Elyvilon
Gozag
Hepliaklqana
Kikubaaqudgha
Makhleb
Nemelex Xobeh
Okawaru
Qazlal
Ru
Sif Muna
Trog
Uskayaw
Vehumet
Wu Jian
Xom
Yredelemnul
Zin
The Shining One
Beogh
Jiyva
Lugonu

Shops:
D :[


Innate Abilities, Weirdness & Mutations

You are very small and have problems with some larger weapons.
You are too small for most types of armour.
You have supernaturally acute eyesight. (SInv)
You cover ground extremely quickly. (Speed+++)
You are dopey. (Int -2)


Message History

The wandering mushroom is lightly damaged.
The wandering mushroom misses you.
A red film seems to cover your vision as you go berserk!
You feel yourself moving faster!
You feel mighty!
The wandering mushroom releases spores at you but does no damage.
You feel a strong urge to attack something.
The wandering mushroom closely misses you.
There is a burning altar of Makhleb here.
You feel your anger nearly subside.
There is a shimmering blue altar of Sif Muna here.
You are no longer berserk.
You are exhausted.
You feel yourself slow down. The wandering mushroom misses you.
The wandering mushroom completely misses you.
There is a shimmering blue altar of Sif Muna here.
You're too confused to move!
You flicker for a moment.
Unknown command.
Your body shudders with the violent release of wild energies!
You feel stupid.
There is a bloodstained altar of Trog here.
You flicker back into view.
The wandering mushroom closely misses you.
There is a sparkling altar of Nemelex Xobeh here.
You feel less confused.
There is an iron altar of Okawaru here.
There is a stormy altar of Qazlal here.
There is a stormy altar of Qazlal here.
You start resting.
You feel less contaminated with magical energies.
You aren't carrying any items that you can evoke.
There is an iron altar of Okawaru here.
There is a sparkling altar of Nemelex Xobeh here.
You block the wandering mushroom's attack.
There is a shimmering blue altar of Sif Muna here.
You hit the wandering mushroom but do no damage.
The wandering mushroom is severely damaged.
The wandering mushroom releases spores at you!
You die...
Your body crumbles into a pile of gold.

#################################
.....#.....#.⌠._._._._.⌠.#..(.))#
.....'.#.[.'.._f_(_._._..'.(#...#
.....#.#...#..._f_._._...#..###f#
#########+##.._.@._._._..#.)##∩∩f
#._._._._._.⌠.######## $
$############### $$ $ $$ $


You could see 2 wandering mushrooms.

Vanquished Creatures
  3 scorpions (D)
  3 oklob saplings (D)
  2 spriggans (D)
  A river rat (D)
  A rat (D)
10 creatures vanquished.

Vanquished Creatures (others)
  A fungus (D)
1 creature vanquished.

Grand Total: 11 creatures vanquished

Notes
Turn   | Place    | Note
-------+----------+-------------------------------------------
     0 | D        | styxcanada the Spriggan Brigand began the quest for the
                  | Orb.
     0 | D        | Reached XP level 1. HP: 10/10 MP: 2/2
    13 | D        | Reached skill level 7 in Stealth
    13 | D        | Reached XP level 2. HP: 15/15 MP: 3/3
    16 | D        | Reached skill level 8 in Stealth
    40 | D        | Noticed an oklob sapling
    42 | D        | Killed an oklob sapling
    43 | D        | Reached skill level 9 in Stealth
    43 | D        | Reached XP level 3. HP: 19/19 MP: 4/4
    44 | D        | Found the amulet of invisibility {+Inv}
    44 | D        | Noticed a scorpion
    46 | D        | Killed a scorpion
    47 | D        | Reached skill level 12 in Stealth
    47 | D        | Reached XP level 4. HP: 23/23 MP: 5/5
    65 | D        | Found an opulent altar of Gozag.
    65 | D        | Found a hazy altar of Hepliaklqana.
    65 | D        | Found a burning altar of Makhleb.
    65 | D        | Found a sparkling altar of Nemelex Xobeh.
    65 | D        | Found a sacrificial altar of Ru.
    65 | D        | Found a shimmering blue altar of Sif Muna.
    65 | D        | Found an ornate altar of the Wu Jian Council.
    65 | D        | Found a shimmering altar of Xom.
    65 | D        | Found a basalt altar of Yredelemnul.
    66 | D        | Found a viscous altar of Jiyva.
    66 | D        | Found a snail-covered altar of Cheibriados.
    66 | D        | Found a bloodstained altar of Trog.
    67 | D        | Found an iron altar of Okawaru.
    67 | D        | Found a shadowy altar of Dithmenos.
    67 | D        | Found a glowing silver altar of Zin.
    68 | D        | Found an ancient bone altar of Kikubaaqudgha.
    68 | D        | Found a hide-covered altar of Uskayaw.
    69 | D        | Found a stormy altar of Qazlal.
    69 | D        | Found a white marble altar of Elyvilon.
    69 | D        | Found a glowing golden altar of the Shining One.
    70 | D        | Became a worshipper of Gozag Ym Sagoz the Greedy
    71 | D        | Found a corrupted altar of Lugonu.
    71 | D        | Found a radiant altar of Vehumet.
    75 | D        | Reached skill level 13 in Stealth
    75 | D        | Reached skill level 1 in Evocations
    75 | D        | Reached XP level 5. HP: 28/28 MP: 3/6
    87 | D        | Reached skill level 14 in Stealth
   153 | D        | Reached skill level 5 in Dodging
   154 | D        | Reached skill level 15 in Stealth
   156 | D        | Reached XP level 6. HP: 33/33 MP: 4/7
   176 | D        | Found Jorank's Armour Shop.
   176 | D        | Found Xawnamo's Book Emporium.
   212 | D        | Noticed a burning bush
   212 | D        | Noticed a wandering mushroom
   213 | D        | Noticed a wandering mushroom
   254 | D        | Reached skill level 16 in Stealth
   309 | D        | Gained mutation: You are dopey. (Int -2) [mutagenic glow]
   332 | D        | Slain by a wandering mushroom

Illustrated notes

Levels and vault maps discovered:
D:        dungeon_sprint_fedhas [sprint_temple]

Skill      XL: |  1  2  3  4  5  6 |
---------------+-------------------+-----
Fighting       | 2 3 4 |  4.0
Dodging        | 2 3 4 5 |  5.6
Stealth        | 7 9 12 13 15 16 | 16.0
Short Blades   | 3 |  3.5
Throwing       | 3 |  3.6
Evocations     | 1 3 4 |  4.2
Shields        | |  0.7

Action                   |  1- 3 |  4- 6 || total
-------------------------+-------+-------++-------
Melee: Dagger            |     8 |    19 ||    27
Throw: Dart              |     5 |     3 ||     8
 Abil: Evoke Invisibilit |       |     5 ||     5
  Use: Potion            |       |     2 ||     2
 Stab: Sleeping          |     2 |     5 ||     7
       Invisible         |       |     1 ||     1
Armor: Robe              |       |     1 ||     1
Dodge: Dodged            |     1 |    22 ||    23
Block: Buckler           |       |     5 ||     5
